 Dungeon Crawl Stone Soup version 0.31.0-9-g3a7656b989 (webtiles) character file.

Game seed: 17129423848424741940

40 qw the Shooter (level 3, -5/29 HPs)
             Began as a Demigod Hunter on Feb 2, 2024.
             Slain by Sigmund
             ... wielding a +0 scythe of venom
              (7 damage)
             ... on level 2 of the Dungeon.
             The game lasted 00:00:04 (956 turns).

qw the Shooter (Demigod Hunter)                      Turns: 956, Time: 00:00:04

Health: -5/29      AC:  5    Str: 12    XL:     3   Next: 14%
Magic:  5/5        EV: 11    Int: 11    God:
Gold:   65         SH:  0    Dex: 21    Spells: 2/2 levels left

rFire   . . .        a - +1 shortbow
rCold   . . .        (shield currently unavailable)
rNeg    . . .        g - +0 ring mail
rPois   .            (no helmet)
rElec   .            (no cloak)
rCorr   .            (no gloves)
SInv    .            (no boots)
Will    .....        (no amulet) Stlth
                     (no ring)
HPRegen 0.24/turn    (no ring)
MPRegen 0.09/turn

%: no passive effects
@: confused, lethally poisoned (-5 -> -16), hasted, very quick
A: high MP 1, forlorn, divine attributes
a: no special abilities


You were on level 2 of the Dungeon.
You visited 1 branch of the dungeon, and saw 2 of its levels.

You collected 65 gold pieces.


Innate Abilities, Weirdness & Mutations

You have an increased reservoir of magic. (+10% MP)
You shall have no god before yourself.
Your divine heritage dramatically boosts your attributes as you level up.


   Skills:
 - Level 2.0 Fighting
 + Level 4.6 Ranged Weapons
 - Level 1.7 Dodging
 - Level 0.8 Stealth


You had 2 spell levels left.
You didn't know any spells.
Your spell library was empty.

Inventory:

Hand Weapons
 a - a +1 shortbow (weapon)
Armour
 g - a +0 ring mail (worn)

Dungeon Overview and Level Annotations

Branches:
Dungeon (2/15)

Annotations:
D:2 Sigmund


Message History

You shoot an arrow. The arrow hits Sigmund!
Sigmund shouts!
Sigmund is moderately wounded.
You hear a shout!
You shoot an arrow. The arrow hits Sigmund.
Sigmund is heavily wounded.
Sigmund casts a spell at you.
You are confused.
A kobold comes into view. It is wielding a +0 dagger.
Sigmund gestures at you while chanting.
You are more confused.
The kobold moves out of view.
941 ||| DRINKING green potion.
It was a potion of haste.
You feel yourself speed up.
Sigmund gestures wildly while chanting.
Sigmund flickers and vanishes!
Deactivating autopickup; reactivate with Ctrl-A.
You shoot an arrow.
A goblin comes into view. It is wielding a +0 club.
943 ||| DRINKING pink potion.
It was a potion of magic.
Magic courses through your body.
The goblin shouts!
944 ||| DRINKING clear potion.
It was a potion of heal wounds.
You feel much better.
The kobold shouts!
A magic dart appears from out of thin air!
The magic dart hits you! Something hits you!
Something hits you but does no damage.
You are poisoned.
The goblin barely misses you.
You feel sick.
You feel sick. The goblin closely misses you.
A bat comes into view.
Something hits you.
You are more poisoned.
You feel very sick. The kobold barely misses you.
The goblin hits you but does no damage.
You feel sick. Something hits you!
You die...

... ......... #..
...%....# . ..#
#.##....# #.# #%#
#.##....# #... #.#
#.##....#
....b###.###.#.....# ..
......K......>.#...#####
##.
#.{g@.....###.%.#....
..###
#.###.##..)..##.....)
>..# ..
#..##.###...#..... #..##
#.##.###.#####......)
###...
#.##.###.##.....#....
...).####
#.##.#......#####....
#<...### #.##...#.####
#....
###....###.....##.#
#.... ##....##........#
#<...


You could see a goblin, a bat and a kobold.

Vanquished Creatures
  A dart slug (D:1)
  A ribbon worm (D:1)
  2 endoplasms (D:1)
  2 giant cockroaches (D:2)
  3 goblins
  3 hobgoblins (D:1)
  4 jackals (D:1)
  A quokka (D:2)
  6 ball pythons
  4 bats
  3 frilled lizards
  4 kobolds (D:1)
  A rat (D:1)
35 creatures vanquished.

Notes
Turn   | Place    | Note
-------+----------+-------------------------------------------
     0 | D:1      | qw the Demigod Hunter began the quest for the Orb.
     0 | D:1      | Reached XP level 1. HP: 17/17 MP: 3/3
     0 | D:1      | 0 ||| qw: Version: 0.3-a-155-g5e7d8dd
     0 | D:1      | 0 ||| qw: Game counter: 269
     0 | D:1      | 0 ||| qw: Melee chars always use a shield: true
     0 | D:1      | 0 ||| qw: God list: Okawaru
     0 | D:1      | 0 ||| qw: Allow faded altars: false
     0 | D:1      | 0 ||| qw: Do Orc after clearing Dungeon:15 true
     0 | D:1      | 0 ||| qw: Do second Lair branch before Depths: true
     0 | D:1      | 0 ||| qw: Lair rune preference: random
     0 | D:1      | 0 ||| qw: Goals: Normal
     0 | D:1      | 0 ||| PLANNING D:1-11
   166 | D:1      | Reached skill level 4 in Ranged Weapons
   252 | D:1      | Reached XP level 2. HP: 23/24 MP: 4/4
   735 | D:1      | 735 ||| UPGRADING to +0 ring mail.
   745 | D:1      | 745 ||| DROPPING +0 leather armour.
   746 | D:1      | 746 ||| READING scroll labelled ZEOGHE KEETO.
   747 | D:1      | 747 ||| READING scroll labelled HERCHA HAOLA.
   748 | D:1      | 748 ||| READING scroll labelled QOUHOU BYFU.
   748 | D:1      | 748 ||| ENCHANTING +0 shortbow.
   749 | D:1      | 749 ||| DROPPING scroll of butterflies.
   752 | D:2      | 752 ||| STAIRDANCE
   789 | D:2      | 789 ||| STAIRDANCE
   865 | D:2      | Reached XP level 3. HP: 29/29 MP: 5/5
   938 | D:2      | Noticed Sigmund
   941 | D:2      | 941 ||| DRINKING green potion.
   943 | D:2      | 943 ||| DRINKING pink potion.
   944 | D:2      | 944 ||| DRINKING clear potion.
   954 | D:2      | HP: 7/29 [something (5)]
   956 | D:2      | HP: 2/29 [poisoned by Sigmund]
   956 | D:2      | Slain by Sigmund

Levels and vault maps discovered:
D:1:      dpeg_arrival_connections, layout_basic, corexii_hall_statues_l,
          palyth_stone_intersect
D:2:      layout_rooms, uniq_sigmund

Skill      XL: |  1 |
---------------+----+-----
Ranged Weapons | 4 |  4.6
Fighting       | 2 |  2.0
Dodging        | |  1.7
Stealth        | |  0.8

Action                     || total
---------------------------++-------
   Fire: Shortbow          ||    93
    Use: Scroll            ||     3
         Potion            ||     3
 Armour: Leather armour    ||    17
         Ring mail         ||    40
  Dodge: Dodged            ||    41

Table legend:
 A = Non-vault XP
 B = Vault XP
 C = Vault XP percentage of total XP
 D = Non-vault monster count
 E = Vault monster count
 F = Vault count percentage of total count
                 A         B        C        D         E       F
            +---------+---------+-------+---------+---------+-------
      Total |      58 |       0 |   0.0 |      35 |       0 |   0.0
            +---------+---------+-------+---------+---------+-------
        D:1 |      44 |       0 |   0.0 |      26 |       0 |   0.0
        D:2 |      14 |       0 |   0.0 |       9 |       0 |   0.0
            +---------+---------+-------+---------+---------+-------
